[Event "WYCC U18 Open 2019"]
[Site "Mumbai"]
[Date "2019.10.12"]
[Round "11.1"]
[White "Praggnanandhaa R"]
[Black "Buckels, Valentin"]
[Result "1/2-1/2"]
[ECO "C50"]
[WhiteElo "2567"]
[BlackElo "2442"]
[Annotator "ChessBase"]
[PlyCount "68"]
[EventDate "2019.10.02"]
[EventType "swiss"]
[EventCountry "IND"]
[SourceTitle "playchess.com"]
[Source "ChessBase"]
[SourceQuality "1"]
[TimeControl "40/5400+30:1800+30"]

1. e4 e5 2. Nf3 Nc6 3. Bc4 Bc5 4. O-O Nf6 5. d3 h6 6. c3 d6 7. Re1 O-O 8. h3 a5 9. Bb3 Be6 10. Ba4 Bd7 11. d4 Ba7 12. Bc2 Re8 13. a4 exd4 14. cxd4 d5 15. e5 Ne4 16. Nc3 Bf5 17. Nxe4 Bxe4 18. Bxe4 dxe4 19. Rxe4 Qd5 20. Qd3 f5 21. Re1 Nxd4 22. Nxd4 Bxd4 23. Be3 Rad8 24. Bxd4 Qxd4 25. Qxf5 Rd5 26. Qc2 Rexe5 27. Qxc7 Qxb2 28. Rab1 Rxe1+ 29. Rxe1 Rf5 30. Re8+ Kh7 31. Rh8+ Kxh8 32. Qc8+ Kh7 33. Qxf5+ Kh8 34. Qxa5 Qc1+ 1/2-1/2

[Event "WYCC U18 Open 2019"]
[Site "Mumbai"]
[Date "2019.10.12"]
[Round "11.2"]
[White "Arjun Kalyan"]
[Black "Sargsyan, Shant"]
[Result "1/2-1/2"]
[ECO "B12"]
[WhiteElo "2483"]
[BlackElo "2580"]
[Annotator "ChessBase"]
[PlyCount "50"]
[EventDate "2019.10.02"]
[EventType "swiss"]
[EventCountry "IND"]
[SourceTitle "playchess.com"]
[Source "ChessBase"]
[SourceQuality "1"]
[TimeControl "40/5400+30:1800+30"]

1. e4 c6 2. d4 d5 3. e5 Bf5 4. h4 h5 5. Bd3 Bxd3 6. Qxd3 e6 7. Bg5 Be7 8. Nf3 Nh6 9. Bxh6 Rxh6 10. Nbd2 Nd7 11. g3 Qb6 12. O-O Rg6 13. c3 c5 14. b4 cxd4 15. cxd4 Bxb4 16. Rab1 Qa5 17. Rfc1 Rb8 18. Nb3 Qd8 19. Rc2 Be7 20. Rbc1 Ba3 21. Rb1 Be7 22. Rbc1 Ba3 23. Rb1 Be7 24. Rbc1 Ba3 25. Rb1 Be7 1/2-1/2

[Event "WYCC U18 Open 2019"]
[Site "Mumbai"]
[Date "2019.10.12"]
[Round "11.3"]
[White "Davtyan, Artur"]
[Black "Gholami, Aryan"]
[Result "1-0"]
[ECO "E16"]
[WhiteElo "2418"]
[BlackElo "2554"]
[Annotator "ChessBase"]
[PlyCount "95"]
[EventDate "2019.10.02"]
[EventType "swiss"]
[EventCountry "IND"]
[SourceTitle "playchess.com"]
[Source "ChessBase"]
[SourceQuality "1"]
[TimeControl "40/5400+30:1800+30"]

1. d4 Nf6 2. c4 e6 3. Nf3 Bb4+ 4. Bd2 Qe7 5. g3 Nc6 6. e3 Bxd2+ 7. Qxd2 d6 8. Nc3 e5 9. Bg2 e4 10. Ng1 d5 11. Nxd5 Nxd5 12. cxd5 Nb4 13. d6 Qxd6 14. Bxe4 Qe6 15. Bg2 Qc4 16. b3 Qb5 17. Ne2 Nd3+ 18. Kf1 Bf5 19. e4 Bg6 20. Kg1 O-O-O 21. Rd1 Nb4 22. Nc3 Qb6 23. h3 f5 24. Na4 Qb5 25. e5 Nc6 26. Qe3 f4 27. gxf4 Nb4 28. Nc3 Qa5 29. d5 Rhf8 30. Kh2 Nc2 31. Qd2 Nb4 32. Na4 Qb5 33. Qd4 Kb8 34. Nc3 Qa5 35. Na4 Nxd5 36. Bxd5 c6 37. Qc5 Qxc5 38. Nxc5 cxd5 39. Ne6 Be4 40. Rhf1 Rfe8 41. Nxd8 Rxd8 42. Rd4 g6 43. Rfd1 Rf8 44. Kg3 Rc8 45. f3 Rc3 46. Rxe4 dxe4 47. e6 Rxf3+ 48. Kg2 1-0

[Event "WYCC U18 Open 2019"]
[Site "Mumbai"]
[Date "2019.10.12"]
[Round "11.4"]
[White "Gazik, Viktor"]
[Black "Wang, Shixu B"]
[Result "0-1"]
[ECO "C24"]
[WhiteElo "2546"]
[BlackElo "2370"]
[Annotator "ChessBase"]
[PlyCount "106"]
[EventDate "2019.10.02"]
[EventType "swiss"]
[EventCountry "IND"]
[SourceTitle "playchess.com"]
[Source "ChessBase"]
[SourceQuality "1"]
[TimeControl "40/5400+30:1800+30"]

1. e4 e5 2. Bc4 Nf6 3. d3 c6 4. Nf3 d5 5. Bb3 Bd6 6. Nc3 dxe4 7. dxe4 O-O 8. O-O Na6 9. Nh4 Nc5 10. Qf3 a5 11. Be3 Ng4 12. g3 Nxe3 13. Qxe3 a4 14. Bc4 b5 15. Be2 Ne6 16. Bd3 Bc5 17. Qd2 Ng5 18. Qe2 a3 19. Rad1 Nh3+ 20. Kh1 axb2 21. Nf5 Qg5 22. f4 exf4 23. Qg2 Nf2+ 24. Rxf2 Bxf2 25. Qxf2 fxg3 26. Nxg3 b4 27. Nb1 Rxa2 28. c3 Rd8 29. cxb4 Be6 30. Ne2 Qf6 31. Qxf6 gxf6 32. Nec3 Ra1 33. Rg1+ Kf8 34. Bc2 Ke7 35. Kg2 Rd4 36. Kf2 Rxb4 37. Ke3 Ra5 38. Rg2 Rh5 39. Ba4 Rh3+ 40. Rg3 Rxh2 41. Bxc6 h5 42. Bd5 Rh3 43. Kf4 Rxg3 44. Kxg3 Kd6 45. Bxe6 fxe6 46. Kh4 f5 47. Kxh5 fxe4 48. Kg4 Ke5 49. Ne2 Rb3 50. Nf4 Rf3 51. Ne2 Rf2 52. Nec3 Kd4 53. Kg3 Rf3+ 0-1

[Event "WYCC U18 Open 2019"]
[Site "Mumbai"]
[Date "2019.10.12"]
[Round "11.5"]
[White "Iniyan, P."]
[Black "Zarubitski, Viachaslau"]
[Result "1/2-1/2"]
[ECO "D18"]
[WhiteElo "2509"]
[BlackElo "2435"]
[Annotator "ChessBase"]
[PlyCount "61"]
[EventDate "2019.10.02"]
[EventType "swiss"]
[EventCountry "IND"]
[SourceTitle "playchess.com"]
[Source "ChessBase"]
[SourceQuality "1"]
[TimeControl "40/5400+30:1800+30"]

1. d4 d5 2. c4 c6 3. Nf3 Nf6 4. Nc3 dxc4 5. a4 Bf5 6. e3 e6 7. Bxc4 Bb4 8. O-O Nbd7 9. Qe2 O-O 10. e4 Bg6 11. Bd3 Bh5 12. e5 Nd5 13. Nxd5 cxd5 14. Qe3 Bg6 15. Ng5 Re8 16. f4 Nf8 17. g4 Bxd3 18. Qxd3 Rc8 19. Be3 Be7 20. Nf3 Qc7 21. Rfc1 Qd7 22. Qb5 Rxc1+ 23. Rxc1 Rc8 24. Qxd7 Rxc1+ 25. Bxc1 Nxd7 26. Bd2 a6 27. Kf2 Nb8 28. Ke3 Nc6 29. Ne1 Kf8 30. Nc2 Ke8 31. Kd3 1/2-1/2

[Event "WYCC U18 Open 2019"]
[Site "Mumbai"]
[Date "2019.10.12"]
[Round "11.6"]
[White "Rahul Srivatshav P"]
[Black "Mitrabha, Guha"]
[Result "1-0"]
[ECO "E32"]
[WhiteElo "2460"]
[BlackElo "2434"]
[Annotator "ChessBase"]
[PlyCount "51"]
[EventDate "2019.10.02"]
[EventType "swiss"]
[EventCountry "IND"]
[SourceTitle "playchess.com"]
[Source "ChessBase"]
[SourceQuality "1"]
[TimeControl "40/5400+30:1800+30"]

1. d4 Nf6 2. c4 e6 3. Nc3 Bb4 4. Qc2 O-O 5. Nf3 c5 6. dxc5 Na6 7. g3 Nxc5 8. Bg2 b6 9. O-O Bb7 10. Nb5 Nce4 11. Ng5 d5 12. Nxe4 Nxe4 13. a3 Be7 14. Bf4 a6 15. Nc7 Ra7 16. cxd5 exd5 17. Rfd1 Qc8 18. Rac1 Bc5 19. Bxe4 dxe4 20. b4 g5 21. bxc5 gxf4 22. cxb6 Qh3 23. gxf4 e3 24. f3 Kh8 25. Qc3+ f6 26. Rd8 1-0

[Event "WYCC U18 Open 2019"]
[Site "Mumbai"]
[Date "2019.10.12"]
[Round "11.7"]
[White "Bykov, Oleg"]
[Black "Om Kharola"]
[Result "1-0"]
[ECO "D35"]
[WhiteElo "2370"]
[BlackElo "2328"]
[Annotator "ChessBase"]
[PlyCount "51"]
[EventDate "2019.10.02"]
[EventType "swiss"]
[EventCountry "IND"]
[SourceTitle "playchess.com"]
[Source "ChessBase"]
[SourceQuality "1"]
[TimeControl "40/5400+30:1800+30"]

1. d4 d5 2. c4 e6 3. Nc3 Nf6 4. cxd5 exd5 5. Bg5 c6 6. e3 Nbd7 7. Bd3 Be7 8. Qc2 Nf8 9. O-O-O Ne6 10. Bxf6 Bxf6 11. f4 g6 12. f5 Ng7 13. g4 Bg5 14. Kb1 O-O 15. e4 dxe4 16. Bxe4 Qf6 17. h4 Be3 18. Nf3 gxf5 19. g5 Qd6 20. Bd3 f6 21. Rhe1 Bf4 22. Bc4+ Kh8 23. d5 a6 24. dxc6 Qxc6 25. gxf6 Rxf6 26. Rd8+ 1-0

[Event "WYCC U18 Open 2019"]
[Site "Mumbai"]
[Date "2019.10.12"]
[Round "11.8"]
[White "Pultinevicius, Paulius"]
[Black "Aditya Mittal"]
[Result "1-0"]
[ECO "A06"]
[WhiteElo "2503"]
[BlackElo "2430"]
[Annotator "ChessBase"]
[PlyCount "89"]
[EventDate "2019.10.02"]
[EventType "swiss"]
[EventCountry "IND"]
[SourceTitle "playchess.com"]
[Source "ChessBase"]
[SourceQuality "1"]
[TimeControl "40/5400+30:1800+30"]

1. Nf3 d5 2. g3 Nf6 3. Bg2 c5 4. O-O e6 5. c4 d4 6. d3 Nc6 7. e3 Be7 8. exd4 cxd4 9. Bg5 O-O 10. Na3 h6 11. Bxf6 Bxf6 12. Nc2 a5 13. Nd2 Bd7 14. Re1 Rb8 15. Rc1 Qb6 16. Rb1 Nb4 17. Nxb4 axb4 18. a3 Be7 19. Nf3 Bc6 20. Ne5 Bxg2 21. Kxg2 bxa3 22. bxa3 Qc7 23. a4 Bd6 24. Rb5 Ra8 25. Nf3 Bc5 26. Re4 Rfd8 27. g4 f5 28. Rxe6 fxg4 29. Nd2 h5 30. Ne4 b6 31. h3 Qf4 32. hxg4 hxg4 33. Rg6 Qf3+ 34. Qxf3 gxf3+ 35. Kg3 Kh7 36. Rg4 Rxa4 37. Nxc5 bxc5 38. Rxc5 Ra2 39. Rc7 Rd2 40. Rcxg7+ Kh6 41. R7g6+ Kh7 42. R6g5 Rd6 43. Rh5+ Rh6 44. Rxh6+ Kxh6 45. Rxd4 1-0

[Event "WYCC U18 Open 2019"]
[Site "Mumbai"]
[Date "2019.10.12"]
[Round "11.9"]
[White "Zhalmakhanov, Ramazan"]
[Black "Gumularz, Szymon"]
[Result "1/2-1/2"]
[ECO "C88"]
[WhiteElo "2374"]
[BlackElo "2505"]
[Annotator "ChessBase"]
[PlyCount "68"]
[EventDate "2019.10.02"]
[EventType "swiss"]
[EventCountry "IND"]
[SourceTitle "playchess.com"]
[Source "ChessBase"]
[SourceQuality "1"]
[TimeControl "40/5400+30:1800+30"]

1. e4 e5 2. Nf3 Nc6 3. Bb5 a6 4. Ba4 Nf6 5. O-O Be7 6. Re1 b5 7. Bb3 O-O 8. a4 b4 9. d3 d6 10. Nbd2 h6 11. h3 Na5 12. Ba2 c5 13. c3 Rb8 14. d4 cxd4 15. cxd4 Qc7 16. Nf1 b3 17. Bb1 Bd7 18. Bd2 exd4 19. Nxd4 Nc4 20. Bc3 Nb6 21. Nxb3 Nxa4 22. Bd4 Be6 23. Bc2 Rb4 24. Ne3 Rfb8 25. Ra3 Nd7 26. Qa1 Bg5 27. Rxa4 Rxa4 28. Qxa4 Bxe3 29. Bxe3 Qxc2 30. Nc5 Qxa4 31. Nxa4 Rb4 32. Ra1 Rxe4 33. Nc3 Rb4 34. Rxa6 Rxb2 1/2-1/2

[Event "WYCC U18 Open 2019"]
[Site "Mumbai"]
[Date "2019.10.12"]
[Round "11.10"]
[White "Sydoryka, Vladyslav"]
[Black "Raghunandan, Kaumandur Srihari"]
[Result "1/2-1/2"]
[ECO "A20"]
[WhiteElo "2247"]
[BlackElo "2449"]
[Annotator "ChessBase"]
[PlyCount "78"]
[EventDate "2019.10.02"]
[EventType "swiss"]
[EventCountry "IND"]
[SourceTitle "playchess.com"]
[Source "ChessBase"]
[SourceQuality "1"]
[TimeControl "40/5400+30:1800+30"]

1. c4 e5 2. g3 Nc6 3. Bg2 h5 4. h4 Bc5 5. Nc3 a6 6. e3 d6 7. Nge2 Bg4 8. a3 Nge7 9. f3 Bf5 10. d4 Ba7 11. b4 Bg6 12. d5 Nb8 13. e4 c6 14. f4 cxd5 15. f5 Bh7 16. cxd5 Nd7 17. Rf1 Nf6 18. Bf3 Rc8 19. Qd3 Qd7 20. Bg5 Ng4 21. Bxg4 hxg4 22. Be3 Bxe3 23. Qxe3 Ng8 24. Qg5 Nf6 25. Qxg7 Ke7 26. Qg5 Rc4 27. Rc1 Rhc8 28. Kf2 Qd8 29. Qe3 R8c7 30. Kg2 Qc8 31. Rfd1 b5 32. Kh2 Qb7 33. Kg2 Qa7 34. Kf2 Qxe3+ 35. Kxe3 Kd7 36. Rf1 Kc8 37. Kd3 Kb7 38. Rb1 Rc8 39. Rb2 R8c7 1/2-1/2

[Event "WYCC U18 Open 2019"]
[Site "Mumbai"]
[Date "2019.10.12"]
[Round "11.12"]
[White "Petriashvili, Nikoloz"]
[Black "Garidmagnai, Byambasuren"]
[Result "0-1"]
[ECO "A49"]
[WhiteElo "2441"]
[BlackElo "2327"]
[Annotator "ChessBase"]
[PlyCount "108"]
[EventDate "2019.10.02"]
[EventType "swiss"]
[EventCountry "IND"]
[SourceTitle "playchess.com"]
[Source "ChessBase"]
[SourceQuality "1"]
[TimeControl "40/5400+30:1800+30"]

1. d4 Nf6 2. Nf3 g6 3. g3 Bg7 4. Bg2 O-O 5. O-O d6 6. b3 a5 7. Nc3 Na6 8. Bb2 c5 9. Re1 Bd7 10. a4 Rc8 11. Nb5 cxd4 12. Nfxd4 Qb6 13. c4 Nc5 14. Nc3 Bc6 15. e4 Nfd7 16. Ndb5 Qd8 17. Rb1 Ne5 18. Re3 Bxb5 19. Nxb5 Qd7 20. h3 Nc6 21. f4 Rcd8 22. Qf1 e5 23. f5 Nd4 24. Qd1 Nxb5 25. axb5 gxf5 26. exf5 Qxf5 27. b6 Qg5 28. Bc1 f5 29. Rxe5 Qxg3 30. Qd5+ Kh8 31. Re3 Qg6 32. Bb2 f4 33. Bxg7+ Qxg7 34. Rf3 Qe5 35. Rd1 Rg8 36. Kf1 Rde8 37. Rf2 Rg6 38. Qd4 Rf6 39. Rf3 Qxd4 40. Rxd4 Re3 41. Kf2 Rxb3 42. Rxb3 Nxb3 43. Re4 f3 44. Re8+ Kg7 45. Re7+ Kf8 46. Rxb7 fxg2+ 47. Kxg2 Nc5 48. Rxh7 Rf7 49. Rh8+ Kg7 50. Ra8 a4 51. h4 Rb7 52. Kg3 Rxb6 53. Kg4 Ra6 54. Rc8 a3 0-1

[Event "WYCC U18 Open 2019"]
[Site "Mumbai"]
[Date "2019.10.12"]
[Round "11.13"]
[White "Mendonca, Leon Luke"]
[Black "Aliyev, Ravan"]
[Result "1-0"]
[ECO "A40"]
[WhiteElo "2388"]
[BlackElo "2341"]
[Annotator "ChessBase"]
[PlyCount "67"]
[EventDate "2019.10.02"]
[EventType "swiss"]
[EventCountry "IND"]
[SourceTitle "playchess.com"]
[Source "ChessBase"]
[SourceQuality "1"]
[TimeControl "40/5400+30:1800+30"]

1. d4 e6 2. Nf3 Nf6 3. Bf4 d5 4. e3 Bd6 5. Bg3 O-O 6. Nbd2 c5 7. c3 Qc7 8. Bd3 Nbd7 9. Bxd6 Qxd6 10. O-O e5 11. dxe5 Nxe5 12. Nxe5 Qxe5 13. Nf3 Qc7 14. h3 b6 15. Be2 Bb7 16. a4 Rfd8 17. a5 Bc6 18. Qb3 Ne4 19. Qa3 Rdb8 20. Rfd1 h6 21. Nd2 Ng5 22. b4 Qe7 23. b5 Bd7 24. Nf3 bxa5 25. Nxg5 hxg5 26. Qxa5 Be6 27. c4 Rd8 28. Bf3 Rab8 29. cxd5 Bd7 30. Qxa7 Rxb5 31. d6 Qf6 32. Qc7 Rb2 33. Rab1 Ra2 34. Rb8 1-0

[Event "WYCC U18 Open 2019"]
[Site "Mumbai"]
[Date "2019.10.12"]
[Round "11.14"]
[White "Panesar Vedant"]
[Black "Stoleriu, George"]
[Result "1/2-1/2"]
[ECO "A30"]
[WhiteElo "2219"]
[BlackElo "2351"]
[Annotator "NA"]
[PlyCount "61"]
[EventDate "2019.10.02"]
[EventType "swiss"]
[EventCountry "IND"]
[SourceTitle "playchess.com"]
[Source "ChessBase"]
[SourceQuality "1"]
[TimeControl "40/5400+30:1800+30"]

1. Nf3 Nf6 2. c4 e6 3. g3 b6 4. Bg2 Bb7 5. O-O c5 6. Nc3 Be7 7. b3 O-O 8. Bb2 d5 9. cxd5 Nxd5 10. d4 Nxc3 11. Bxc3 cxd4 12. Qxd4 Qxd4 13. Nxd4 Bxg2 14. Kxg2 Rc8 15. Rac1 Nc6 16. Nxc6 Rxc6 17. Bb2 Rac8 18. Rxc6 Rxc6 19. Rc1 Rxc1 20. Bxc1 Kf8 21. Bb2 g6 22. Kf3 Ke8 23. Ke4 Kd7 24. Kd3 Kc6 25. Bc3 b5 26. e4 a6 27. f3 Kd7 28. Bd4 Kc6 29. Bc3 Kc5 30. Bd2 Kc6 31. Bc3 1/2-1/2

[Event "WYCC U18 Open 2019"]
[Site "Mumbai"]
[Date "2019.10.12"]
[Round "11.15"]
[White "Sibi Visal R"]
[Black "Chylewski, Patryk"]
[Result "1-0"]
[ECO "E15"]
[WhiteElo "2064"]
[BlackElo "2348"]
[Annotator "ChessBase"]
[PlyCount "121"]
[EventDate "2019.10.02"]
[EventType "swiss"]
[EventCountry "IND"]
[SourceTitle "playchess.com"]
[Source "ChessBase"]
[SourceQuality "1"]
[TimeControl "40/5400+30:1800+30"]

1. c4 e6 2. Nf3 Nf6 3. d4 b6 4. g3 Bb7 5. Bg2 c5 6. O-O cxd4 7. Nxd4 Bxg2 8. Kxg2 Qc8 9. b3 Be7 10. Bb2 O-O 11. Nc3 Qb7+ 12. f3 Rd8 13. e4 Nc6 14. Nxc6 dxc6 15. Qe2 Bc5 16. e5 Ne8 17. Rad1 Bd4 18. Qe4 Bxc3 19. Bxc3 Qc7 20. f4 g6 21. g4 Ng7 22. Bb4 c5 23. Bc3 Rac8 24. Qf3 Kf8 25. h3 Ke8 26. Rd6 Kf8 27. Rfd1 Ne8 28. R6d3 Rxd3 29. Qxd3 Qc6+ 30. Qf3 Qxf3+ 31. Kxf3 Ke7 32. Be1 Nc7 33. Ke4 Na6 34. f5 exf5+ 35. gxf5 gxf5+ 36. Kxf5 Nb4 37. Bh4+ Ke8 38. Kf6 Nc6 39. e6 fxe6 40. Rg1 Nd4 41. Rg7 Nf5 42. Rxh7 Nxh4 43. Rxh4 Kd7 44. Ke5 Rf8 45. Rf4 Rh8 46. h4 Ke7 47. Rg4 Rh7 48. Rg6 Kd7 49. Rg4 Ke7 50. Rg5 Kd7 51. h5 Rh6 52. Kf4 Ke7 53. Kg4 Kf7 54. Re5 Rf6 55. Re3 Rh6 56. Rf3+ Ke7 57. Kg5 Rh8 58. h6 Rg8+ 59. Kh5 Rg2 60. Rf4 e5 61. Rg4 1-0

[Event "WYCC U18 Open 2019"]
[Site "Mumbai"]
[Date "2019.10.12"]
[Round "11.16"]
[White "Manish Anto Cristiano F"]
[Black "Vanczak, Tamas"]
[Result "1/2-1/2"]
[ECO "B72"]
[WhiteElo "2320"]
[BlackElo "2327"]
[Annotator "ChessBase"]
[PlyCount "142"]
[EventDate "2019.10.02"]
[EventType "swiss"]
[EventCountry "IND"]
[SourceTitle "playchess.com"]
[Source "ChessBase"]
[SourceQuality "1"]
[TimeControl "40/5400+30:1800+30"]

1. e4 c5 2. Nf3 d6 3. d4 cxd4 4. Nxd4 Nf6 5. Nc3 g6 6. Be3 a6 7. f3 b5 8. Qd2 Bb7 9. O-O-O Nbd7 10. Kb1 b4 11. Nd5 Nxd5 12. exd5 Bxd5 13. Qxb4 Bg7 14. Qd2 Rb8 15. Bxa6 Ra8 16. c4 Rxa6 17. cxd5 Qa8 18. Nb5 Qb7 19. Bd4 Bxd4 20. Qxd4 O-O 21. Nc3 Rb6 22. Rd2 Rb4 23. Qf2 Ne5 24. Ka1 Rb8 25. Rb1 Nc4 26. Re2 Qc7 27. Qe1 R8b7 28. h4 Na5 29. Rc1 Qd7 30. h5 Ra7 31. Kb1 Qf5+ 32. Ne4 Rb8 33. h6 Raa8 34. Rc7 Qxd5 35. Rxe7 Qd3+ 36. Rc2 Nc4 37. Nf6+ Kh8 38. Kc1 Ne5 39. Rxe5 dxe5 40. Qxe5 Qf1+ 41. Kd2 Qxg2+ 42. Ke3 Qg1+ 43. Kf4 Rb6 44. Qc3 Rd6 45. Ne4+ Qd4 46. Qxd4+ Rxd4 47. Rc7 f5 48. Ke5 Rda4 49. Ng5 R4a7 50. Rxa7 Rxa7 51. a3 Rb7 52. b4 Ra7 53. Kd6 Rxa3 54. b5 Rb3 55. Kc6 Rc3+ 56. Kd6 Rb3 57. Kc6 Rc3+ 58. Kb7 Kg8 59. b6 Rb3 60. Kc7 Rc3+ 61. Kb8 Rb3 62. b7 Rb4 63. Kc8 Rc4+ 64. Kd7 Rb4 65. Kc7 Rc4+ 66. Kd6 Rb4 67. Kc6 Rb1 68. f4 Rc1+ 69. Kb6 Rb1+ 70. Kc7 Rc1+ 71. Kb8 Rb1 1/2-1/2